 Dungeon Crawl Stone Soup version 0.30.1-11-g7821555f0a (webtiles) character file.

Game seed: 6954723425710075152

101 ChrisAssaf the Sneak (level 4, -3/37 HPs)
             Began as a Draconian Brigand on Nov 10, 2023.
             Was a Follower of Cheibriados.
             Slain by Grinder (4 damage)
             ... on level 3 of the Dungeon.
             The game lasted 00:06:43 (1315 turns).

ChrisAssaf the Sneak (Draconian Brigand)            Turns: 1315, Time: 00:06:44

Health: -3/37      AC:  6    Str: 16    XL:     4   Next: 48%
Magic:  6/6        EV: 12    Int: 15    God:    Cheibriados [*.....]
Gold:   120        SH:  0    Dex: 12    Spells: 5/5 levels left

rFire   . . .        a - +2 dagger
rCold   . . .        (no shield)
rNeg    . . .        (body armour unavailable)
rPois   .            (helmet restricted)
rElec   .            b - +0 cloak
rCorr   .            (no gloves)
SInv    .            (no boots)
Will    ++...        (no amulet)
Stlth   +++          i - ring of willpower
HPRegen 0.26/turn    (no ring)
MPRegen 0.10/turn

%: no passive effects
@: very slow
A: AC +5, unfitting armour, cold-blooded, clumsy 1, high MP 1, strong-willed 1
a: Renounce Religion, Bend Time


You were on level 3 of the Dungeon.
You worshipped Cheibriados.
Cheibriados was aware of your devotion.
You visited 1 branch of the dungeon, and saw 3 of its levels.

You collected 120 gold pieces.

Inventory:

Hand Weapons
 a - a +2 dagger (weapon)
Missiles
 d - a curare-tipped dart (quivered)
Armour
 b - a +0 cloak (worn)
Jewellery
 i - a ring of willpower (left hand)
Scrolls
 e - a scroll of vulnerability
 g - a scroll of brand weapon {unknown}


   Skills:
 * Level 2.5 Fighting
 * Level 2.4 Short Blades
 * Level 2.5 Throwing
 * Level 1.3 Dodging
 * Level 4.4 Stealth
 * Level 1.1 Spellcasting


You had 5 spell levels left.
You didn't know any spells.
Your spell library was empty.

Dungeon Overview and Level Annotations

Branches:
Dungeon (3/15)

Altars:
Cheibriados

Annotations:
D:3 Grinder


Innate Abilities, Weirdness & Mutations

Your plain brown scales are hard. (AC +5)
You cannot fit into any form of body armour.
You are cold-blooded and may be slowed by cold attacks.
You are clumsy. (Dex -2)
You have an increased reservoir of magic. (+10% MP)
You are strong-willed. (Will+)


Message History

It was a potion of mutation.
You feel extremely strange.
You feel strong-willed.
You feel clumsy.
You feel more energetic.
You hit Grinder. Your punch misses Grinder.
Grinder is lightly wounded.
Grinder barely misses you.
You hit Grinder but do no damage.
Grinder is lightly wounded.
Grinder closely misses you.
You barely miss Grinder.
Grinder is lightly wounded.
You hit Grinder. You tail-slap Grinder.
Grinder is lightly wounded.
Grinder hits you.
You writhe in agony.
You closely miss Grinder.
Grinder is lightly wounded.
Grinder hits you!
You writhe in agony.
You hit Grinder.
Grinder is moderately wounded.
Grinder blinks!
You closely miss Grinder.
Grinder is moderately wounded.
Grinder closely misses you.
You completely miss Grinder.
Grinder is moderately wounded.
Grinder hits you!
* * * LOW HITPOINT WARNING * * *
You writhe in agony.
* * * LOW HITPOINT WARNING * * *
You closely miss Grinder.
Grinder is moderately wounded.
Grinder hits you.
* * * LOW HITPOINT WARNING * * *
You writhe in agony.
* * * LOW HITPOINT WARNING * * *
Unknown command.
As you read the scroll labelled JESCHI NORECS, it crumbles to dust.
The scroll dissolves into smoke.
It was a scroll of fog.
Grinder barely misses you. Grinder attacks as you move away!
Grinder barely misses you. Grinder hits you.
You die...

# #..... ## #. ######
...#### ##.### #
.(..(.. . ..# ###
#...5.### #.#.# #..
#...# #.#.###..
######§### #........
#..§§§§..# #.#.#.#..
#..@5§§..# #.....#..
#..§§§...###...#####
#.§§§§§....#...#####
#...........>.......
#........###.#.#####
###........###.#.#####
#.........†...........
#.....................
#.##############.#####


You could see Grinder.

Vanquished Creatures
  Natasha (twice) (D:3)
  An adder (D:2)
  A worm (D:2)
  A dart slug (D:3)
  4 bats
  8 endoplasms
  2 hobgoblins
  2 kobolds
  3 quokkas
  5 ball pythons
  3 frilled lizards
  5 rats
37 creatures vanquished.

Notes
Turn   | Place    | Note
-------+----------+-------------------------------------------
     0 | D:1      | ChrisAssaf the Draconian Brigand began the quest for the
                  | Orb.
     0 | D:1      | Reached XP level 1. HP: 17/17 MP: 1/1
     4 | D:1      | Noticed a vine stalker
     4 | D:1      | Noticed a felid
     6 | D:1      | Noticed a human
     6 | D:1      | Noticed a gargoyle
     8 | D:1      | Noticed an armataur
     8 | D:1      | Noticed an octopode
    10 | D:1      | Noticed a formicid
    10 | D:1      | Noticed a spriggan
    12 | D:1      | Noticed a demonspawn
    12 | D:1      | Noticed a tengu
    14 | D:1      | Noticed a troll
    14 | D:1      | Noticed a draconian
    16 | D:1      | Noticed an ogre
    16 | D:1      | Noticed a naga
    18 | D:1      | Noticed a vampire
    20 | D:1      | Noticed a merfolk
    22 | D:1      | Noticed a minotaur
    22 | D:1      | Noticed a meteoran
    24 | D:1      | Noticed a demigod
    26 | D:1      | Noticed a ghoul
    26 | D:1      | Noticed an elf
   206 | D:1      | Reached skill level 1 in Dodging
   250 | D:1      | Reached skill level 4 in Stealth
   250 | D:1      | Reached XP level 2. HP: 23/24 MP: 2/2
   417 | D:2      | HP: 1/24 [poisoned by an adder]
   762 | D:2      | HP: 1/24 [worm (5)]
   803 | D:2      | Reached XP level 3. HP: 13/30 MP: 3/3
   995 | D:3      | Noticed Natasha
  1006 | D:3      | Killed Natasha
  1037 | D:3      | Found a faded altar of an unknown god.
  1046 | D:3      | Prayed at the altar of an unknown god.
  1046 | D:3      | Became a worshipper of Cheibriados the Contemplative
  1046 | D:3      | Reached * piety under Cheibriados
  1083 | D:3      | Reached skill level 1 in Spellcasting
  1083 | D:3      | Reached XP level 4. HP: 37/37 MP: 5/5
  1234 | D:3      | Noticed Natasha
  1237 | D:3      | Killed Natasha
  1281 | D:3      | Noticed Grinder
  1293 | D:3      | Paralysed by Grinder for 2 turns
  1303 | D:3      | Gained mutation: You are strong-willed. (Will+) [potion of
                  | mutation]
  1303 | D:3      | Gained mutation: You are clumsy. (Dex -2) [potion of
                  | mutation]
  1303 | D:3      | Gained mutation: You have an increased reservoir of magic.
                  | (+10% MP) [potion of mutation]
  1313 | D:3      | HP: 1/37 [Grinder (2)]
  1315 | D:3      | Slain by Grinder

Illustrated notes

Levels and vault maps discovered:
D:1:      kb_arrival_jail, layout_basic, minmay_pentomino_z4
D:2:      layout_loops_ring, basic_altar, hangedman_decor_points
D:3:      layout_basic, hellmonk_ecumenical_altar_slurped_away,
          nrook_mini_backslash, kennysheep_generic_room_11, uniq_natasha,
          uniq_terence, uniq_grinder

Skill      XL: |  1  2  3 |
---------------+----------+-----
Dodging        | 1 |  1.3
Stealth        | 4 |  4.4
Throwing       | 2 |  2.5
Spellcasting   | 1 |  1.1
Fighting       | |  2.5
Short Blades   | |  2.4

Action                     |  1- 3 |  4- 6 || total
---------------------------+-------+-------++-------
  Melee: Dagger            |    74 |    10 ||    84
         Tailslap          |     8 |     1 ||     9
         Punch             |     1 |       ||     1
  Throw: Dart              |    24 |     3 ||    27
         Javelin           |    10 |     7 ||    17
    Use: Scroll            |     6 |     2 ||     8
         Potion            |       |     1 ||     1
   Stab: Sleeping          |     1 |     1 ||     2
 Armour: Skin              |    18 |       ||    18
  Dodge: Dodged            |    52 |     5 ||    57
